 Dungeon Crawl Stone Soup version 0.31.0-1-g2c135a008e (webtiles) character file.

Game seed: 7615993155861705098

46758 camille the Blocker (level 14, -4/103 HPs)
             Began as a Djinni Earth Elementalist on Jan 20, 2024.
             Was the Champion of Makhleb.
             Slain by a four-headed hydra (10 damage)
             ... on level 4 of the Lair of Beasts.
             The game lasted 00:19:30 (15502 turns).

camille the Blocker (Djinni Earth Elementalist)    Turns: 15502, Time: 00:19:30

Health: -4/103     AC:  7    Str: 10    XL:     14   Next: 78%
Gold:   1307       EV: 11    Int: 31    God:    Makhleb [******] SH:  0 Dex: 12

rFire   + + .        b - staff of conjuration
rCold   x . .        (no shield)
rNeg    . . .        B - +1 troll leather armour
rPois   ∞            L - +0 hat {Stlth+}
rElec   .            (no cloak)
rCorr   .            y - +0 pair of gloves
SInv    +            (boots unavailable)
Will    +....        x - amulet of regeneration
Stlth   ++           K - +6 ring of intelligence
HPRegen 1.97/turn    J - ring of see invisible
MPRegen 0.00/turn

%: infuse magic (-5 HP)
@: brilliant, flying
A: sickness immunity, fire resistance 2, cold vulnerability 1, float, innate
caster, HP casting, extra vitality 1, iridescent scales 1, clever 1, strong 1
a: Renounce Religion, Minor Destruction, Lesser Servant of Makhleb, Major
Destruction, Greater Servant of Makhleb


You were on level 4 of the Lair of Beasts.
You worshipped Makhleb.
Makhleb was exalted by your worship.
You visited 3 branches of the dungeon, and saw 17 of its levels.

You collected 1307 gold pieces.

Inventory:

Hand Weapons
 a - the +11 Singing Sword {sonic wave}
   (You found it on level 6 of the Dungeon)
Missiles
 m - 3 curare-tipped darts
 s - 3 throwing nets
Armour
 n - a +0 kite shield
 y - a +0 pair of gloves (worn)
 B - a +1 troll leather armour (worn)
 L - a +0 hat of stealth (worn)
Magical Staves
 b - a staff of conjuration (weapon)
Jewellery
 x - an amulet of regeneration (around neck)
 J - a ring of see invisible (right hand)
 K - a +6 ring of intelligence (left hand)
Wands
 t - a wand of polymorph (15)
 D - a wand of acid (3)
 F - a wand of charming (4)
 H - a wand of iceblast (3)
 N - a wand of flame (15)
Scrolls
 d - a scroll of vulnerability {!r}
 i - 2 scrolls of enchant weapon {!r}
 j - 2 scrolls of teleportation {!r}
 p - 4 scrolls of fog {!r}
 q - 2 scrolls of poison {!r}
 G - 2 scrolls of brand weapon {!r}
Potions
 c - 3 potions of mutation {!q}
 e - 4 potions of curing {!q}
 f - 3 potions of attraction {!q}
 k - 2 potions of berserk rage {!q}
 l - 2 potions of brilliance {!q}
 o - 2 potions of ambrosia {unknown}
 r - a potion of heal wounds {!q}
 u - a potion of lignification {unknown}
 v - a potion of degeneration {unknown}
 w - 3 potions of enlightenment {!q}
 z - 3 potions of might {!q}
 C - a potion of resistance {unknown}
 E - a potion of experience {unknown}
 I - a potion of invisibility {unknown}
 O - a potion of magic {unknown}
Miscellaneous
 g - a lightning rod (4/4)
 A - a phial of floods


   Skills:
 - Level 10.0 Fighting
 - Level 2.1 Dodging
 - Level 1.5 Stealth
 * Level 12.3 Shields
 + Level 11.1 Spellcasting
 + Level 11.1 Conjurations
 + Level 11.1 Hexes
 + Level 11.1 Summonings
 + Level 11.1 Necromancy
 + Level 11.1 Translocations
 + Level 11.1 Fire Magic
 + Level 11.1 Ice Magic
 + Level 11.1 Air Magic
 + Level 11.1 Earth Magic
 + Level 11.1 Alchemy
 - Level 10.0 Invocations
 - Level 10.0 Evocations


You knew the following spells:

 Your Spells              Type           Power      Damage    Failure   Level
a - Sandblast             Erth           100%       2d20      1%          1
b - Passwall              Erth           92%        N/A       1%          3
c - Stone Arrow           Conj/Erth      100%       3d13      1%          3
d - Petrify               Alch/Erth      92%        N/A       1%          4
e - Brom's Barrelling Bo  Conj/Erth      100%       2d11      1%          4
f - Sting                 Conj/Alch      100%       1d9       1%          1
g - Momentum Strike       Conj/Tloc      100%       3d10      1%          2
h - Confusing Touch       Hex            92%        N/A       1%          3
i - Inner Flame           Hex/Fire       92%        N/A       1%          3
j - Summon Forest         Summ/Tloc      46%        N/A       1%          5
k - Alistair's Intoxicat  Alch           61%        N/A       1%          5
Your spell library was empty.

Dungeon Overview and Level Annotations

Branches:
Dungeon (12/15)            Temple (1/1) D:5            Lair (4/5) D:10
 Shoals (0/4) Lair:3       Spider (0/4) Lair:3          Orc (0/2) D:9
  Slime: Lair:4-5

Altars:
Ashenzari
Cheibriados
Dithmenos
Elyvilon
Fedhas
Gozag
Hepliaklqana
Makhleb
Nemelex Xobeh
Okawaru
Qazlal
Ru
Trog
Uskayaw
Wu Jian
Xom
Yredelemnul
Zin
The Shining One

Shops:
D:10 [

Annotations:
Lair:1 2 transporters, 1 runed translucent door, exclusion: oklob plant, Bukhlaj's ghost, journeyman HOFi


Innate Abilities, Weirdness & Mutations

You are immune to sickness and miasma.
You are immune to poison.
Your flesh is very heat resistant. (rF++)
You are vulnerable to cold. (rC-)
You float through the air rather than walking.
You learn spells naturally, not from books.
Your magical power is your life essence.
You have superior vitality. (+4 MHP)
You are partially covered in iridescent scales. (AC +2)
Your mind is acute. (Int +4, Str/Dex -1)
Your muscles are strong. (Str +4, Int/Dex -1)


Message History

Aiming: Stone Arrow (safe; 1% risk of failure)
Press: ? - help, Q - select action, (/) - cycle Shift-Dir - straight line, f/p - four-headed hydra
Aim: a four-headed hydra (moderately wounded, 92% to hit)
You feel a strong surge of power!
The stone arrow hits the four-headed hydra!
The four-headed hydra is severely wounded.
* * * LOW HITPOINT WARNING * * *
The four-headed hydra bites you!
* * * LOW HITPOINT WARNING * * *
The four-headed hydra bites you!
* * * LOW HITPOINT WARNING * * *
The four-headed hydra misses you.
The four-headed hydra bites you but does no damage.
Okay, then.
You feel much better. The four-headed hydra bites you!
* * * LOW HITPOINT WARNING * * *
The four-headed hydra bites you!
* * * LOW HITPOINT WARNING * * *
The four-headed hydra bites you!
* * * LOW HITPOINT WARNING * * *
The four-headed hydra bites you but does no damage.
An elephant comes into view.
As you read the scroll of fear {!r}, it crumbles to dust.
You assume a fearsome visage.
The wyvern looks frightened!
The four-headed hydra looks frightened!
The water moccasin looks frightened! x2
The elephant looks frightened! x4; The elephant easily resists.
The sentinel's mark upon you fades away.
Cornered, the water moccasin turns to fight!
A steam dragon comes into view.
Cornered, the water moccasin turns to fight!
Cornered, the wyvern turns to fight!
Cornered, the four-headed hydra turns to fight!
You feel much better.
Cornered, the elephant turns to fight!
The four-headed hydra bites you!
* * * LOW HITPOINT WARNING * * *
The four-headed hydra bites you!
* * * LOW HITPOINT WARNING * * *
The four-headed hydra bites you but does no damage.
The four-headed hydra bites you!
You die...

.#.## #.... ..##...P.
.... #........ ..###
##........ ....#
#P........ P#
#....... ## .....
.#.# ..##.P# ##.## ##
#.##@# .#..##. ...#D#
......#### ...#S#
.##......####.##S##
####........#.##kY#
.#.#..##....#$##YY#
#..........SYS##Y##
.#.##......JJDJYD#
#####.#.............#


You could see a four-headed hydra, 5 elephants, a steam dragon, 2 water
moccasins and a wyvern.

Vanquished Creatures
  Gastronok (Lair:3)
  A dire elephant (Lair:2)
  A fire dragon (D:9)
  A hydra (D:9)
  An alligator (Lair:2)
  2 centaur warriors (D:9)
  5 two-headed ogres
  A boulder beetle (D:10)
  A death yak (Lair:2)
  An occultist (D:12)
  Pikel (D:6)
  2 ugly things (D:9)
  2 manticores
  5 cyclopes (D:12)
  3 elephants (Lair:3)
  5 black mambas
  3 gargoyles
  8 cane toads
  A torpor snail (Lair:2)
  An unseen horror (D:11)
  4 rime drakes
  6 komodo dragons
  2 kobold demonologists
  9 trolls
  2 polar bears
  8 merfolk
  A raiju (shapeshifter) (D:9)
  3 blink frogs (Lair:3)
  A hornet (D:10)
  12 slime creatures
  3 shadows
  6 wyverns
  2 wraiths
  18 yaks
  2 basilisks
  10 humans (D:12)
  4 steam dragons
  An acid dragon (D:8)
  Menkaure (D:6)
  17 water moccasins
  An ice beast (D:6)
  4 sky beasts
  4 orc warriors (D:9)
  2 black bears
  15 wolves
  2 ogres (D:6)
  4 lemures (D:6)
  3 phantoms
  13 centaurs
  8 kobold brigands
  11 bullfrogs
  3 gnoll sergeants
  18 scorpions
  3 jellies
  7 wights
  6 killer bees
  2 troll zombies (D:9)
  A bombardier beetle (D:7)
  4 electric eels
  8 howler monkeys
  2 gnoll boudas
  3 hounds
  5 orc priests
  4 iguanas
  2 sleepcaps
  15 orc wizards
  3 hell rats (Lair:2)
  6 ogre zombies (D:9)
  10 gnolls
  11 adders
  A shadow imp (D:5)
  A white imp (D:5)
  2 ufetubi (D:6)
  3 ribbon worms
  3 dart slugs
  24 orcs
  10 endoplasms
  9 giant cockroaches
  5 gnoll zombies (D:9)
  7 goblins
  5 hobgoblins
  4 jackals (D:5)
  21 kobolds
  3 quokkas
  6 ball pythons
  6 bats
  5 frilled lizards
  2 gnoll skeletons (D:9)
  3 orc skeletons (D:9)
  15 orc zombies (D:9)
  6 rats
479 creatures vanquished.

Vanquished Creatures (others)
  A kobold demonologist (D:12)
1 creature vanquished.

Grand Total: 480 creatures vanquished

Notes
Turn   | Place    | Note
-------+----------+-------------------------------------------
     0 | D:1      | camille the Djinni Earth Elementalist began the quest for
                  | the Orb.
     0 | D:1      | camille set off with the following spells memorised:
                  | Sandblast, Passwall, Stone Arrow, Petrify, Brom's
                  | Barrelling Boulder.
     0 | D:1      | Reached XP level 1. HP: 15/15 MP: 0/0
   368 | D:1      | Reached XP level 2. HP: 21/22 MP: 0/0
   371 | D:1      | Reached skill level 1 in Fighting
   853 | D:1      | Reached XP level 3. HP: 25/28 MP: 0/0
   853 | D:1      | Learned a level 1 spell: Sting
   879 | D:1      | Found a faded altar of an unknown god.
  1744 | D:3      | Reached XP level 4. HP: 34/34 MP: 0/0
  2000 | D:3      | Identified the amulet of Jeuptiefo {RegenMP *Slow rPois
                  | rC++ Stlth-}
  2310 | D:3      | Reached XP level 5. HP: 37/40 MP: 0/0
  2310 | D:3      | Learned a level 2 spell: Momentum Strike
  2806 | D:4      | Reached XP level 6. HP: 23/47 MP: 0/0
  3482 | D:4      | Reached skill level 5 in Fighting
  3507 | D:4      | Reached XP level 7. HP: 43/54 MP: 0/0
  3507 | D:4      | Learned a level 3 spell: Confusing Touch
  3814 | D:5      | Entered Level 5 of the Dungeon
  4294 | D:5      | Reached XP level 8. HP: 56/62 MP: 0/0
  4339 | D:5      | Found a staircase to the Ecumenical Temple.
  4433 | Temple   | Entered the Ecumenical Temple
  4594 | D:5      | Found a blossoming altar of Fedhas.
  4765 | D:5      | Reached skill level 5 in Spellcasting
  4765 | D:5      | Reached skill level 5 in Conjurations
  4765 | D:5      | Reached skill level 5 in Hexes
  4765 | D:5      | Reached skill level 5 in Summonings
  4765 | D:5      | Reached skill level 5 in Necromancy
  4765 | D:5      | Reached skill level 5 in Translocations
  4765 | D:5      | Reached skill level 5 in Fire Magic
  4765 | D:5      | Reached skill level 5 in Ice Magic
  4765 | D:5      | Reached skill level 5 in Air Magic
  4765 | D:5      | Reached skill level 5 in Earth Magic
  4765 | D:5      | Reached skill level 5 in Alchemy
  5217 | D:6      | Noticed Pikel
  5225 | D:6      | Killed Pikel
  5226 | D:6      | Reached XP level 9. HP: 40/71 MP: 0/0
  5226 | D:6      | Learned a level 3 spell: Inner Flame
  5361 | D:6      | Noticed a troll
  5366 | D:6      | Killed a troll
  5437 | D:6      | Reached skill level 10 in Fighting
  5473 | D:6      | Found the +11 Singing Sword {sonic wave}
  5610 | D:6      | Noticed Menkaure
  5616 | D:6      | Killed Menkaure
  5718 | D:6      | Reached XP level 10. HP: 77/80 MP: 0/0
  5869 | D:7      | Reached skill level 1 in Invocations
  5869 | D:7      | Reached skill level 1 in Evocations
  5971 | D:7      | Found a sacrificial altar of Ru.
  6119 | D:7      | Found a burning altar of Makhleb.
  6329 | D:7      | Became a worshipper of Makhleb the Destroyer
  6804 | D:8      | Found a bloodstained altar of Trog.
  6838 | D:8      | Found an ornate altar of the Wu Jian Council.
  6839 | D:8      | Found an opulent altar of Gozag.
  7670 | D:9      | Reached * piety under Makhleb
  7678 | D:8      | Gained mutation: Your mind is acute. (Int +4, Str/Dex -1)
                  | [potion of mutation]
  7678 | D:8      | Gained mutation: Your muscles are strong. (Str +4, Int/Dex
                  | -1) [potion of mutation]
  7678 | D:8      | Gained mutation: You are partially covered in iridescent
                  | scales. (AC +2) [potion of mutation]
  8028 | D:9      | Reached skill level 5 in Invocations
  8028 | D:9      | Reached skill level 5 in Evocations
  8183 | D:9      | Reached XP level 11. HP: 45/85 MP: 0/0
  8183 | D:9      | Learned a level 5 spell: Summon Forest
  8223 | D:9      | Reached ** piety under Makhleb
  8245 | D:9      | Found a staircase to the Orcish Mines.
  8474 | D:9      | Noticed a centaur warrior
  8480 | D:9      | Killed a centaur warrior
  8585 | D:9      | Noticed a centaur warrior
  8588 | D:9      | Noticed a two-headed ogre
  8588 | D:9      | Noticed a harpy
  8640 | D:9      | Reached *** piety under Makhleb
  8649 | D:9      | Identified the +4 plate armour of Nalekk {Regen+ Int+2
                  | SInv}
  8650 | D:9      | Killed a centaur warrior
  8685 | D:9      | Killed a two-headed ogre
  8704 | D:9      | Noticed a red ugly thing
  8705 | D:9      | Noticed a brown ugly thing
  8709 | D:9      | Noticed a seven-headed hydra
  8730 | D:9      | Noticed a fire dragon
  9007 | D:9      | Killed a fire dragon
  9008 | D:9      | Reached XP level 12. HP: 17/91 MP: 0/0
  9419 | D:9      | Killed a seven-headed hydra
  9439 | D:10     | Entered Level 10 of the Dungeon
  9449 | D:10     | Noticed a two-headed ogre
  9455 | D:10     | Killed a two-headed ogre
  9627 | D:10     | HP: 2/91 [gargoyle/+0 mace (9)]
  9712 | D:10     | Found a snail-covered altar of Cheibriados.
  9784 | D:10     | Noticed a two-headed ogre
  9790 | D:10     | Killed a two-headed ogre
  9835 | D:10     | Noticed a boulder beetle
  9843 | D:10     | Killed a boulder beetle
  9870 | D:10     | Found Adama's Antique Armour Shoppe.
  9957 | D:10     | Found a staircase to the Lair.
  9961 | D:10     | Reached skill level 10 in Invocations
  9961 | D:10     | Reached skill level 10 in Evocations
  9987 | D:10     | Reached **** piety under Makhleb
 10054 | D:10     | Noticed a two-headed ogre
 10058 | D:10     | Killed a two-headed ogre
 10605 | D:11     | Reached skill level 1 in Shields
 10861 | D:11     | Reached skill level 2 in Shields
 11270 | D:11     | Noticed a two-headed ogre
 11274 | D:11     | Killed a two-headed ogre
 11275 | D:11     | Reached skill level 3 in Shields
 11476 | D:12     | Reached XP level 13. HP: 74/96 MP: 0/0
 11476 | D:12     | Learned a level 5 spell: Alistair's Intoxication
 11499 | D:12     | Reached skill level 4 in Shields
 11577 | D:12     | Reached skill level 5 in Shields
 11669 | D:12     | Reached skill level 6 in Shields
 11744 | D:12     | Reached skill level 7 in Shields
 11871 | D:12     | Found a hide-covered altar of Uskayaw.
 12249 | D:12     | Reached skill level 8 in Shields
 12672 | Lair:1   | Entered Level 1 of the Lair of Beasts
 12687 | Lair:1   | Reached skill level 10 in Spellcasting
 12687 | Lair:1   | Reached skill level 10 in Conjurations
 12687 | Lair:1   | Reached skill level 10 in Hexes
 12687 | Lair:1   | Reached skill level 10 in Summonings
 12687 | Lair:1   | Reached skill level 10 in Necromancy
 12687 | Lair:1   | Reached skill level 10 in Translocations
 12687 | Lair:1   | Reached skill level 10 in Fire Magic
 12687 | Lair:1   | Reached skill level 10 in Ice Magic
 12687 | Lair:1   | Reached skill level 10 in Air Magic
 12687 | Lair:1   | Reached skill level 10 in Earth Magic
 12687 | Lair:1   | Reached skill level 10 in Alchemy
 12735 | Lair:1   | Reached ***** piety under Makhleb
 12762 | Lair:1   | Found a transporter.
 12829 | Lair:1   | Found a transporter.
 12833 | Lair:1   | Reached skill level 9 in Shields
 12925 | Lair:1   | Found a runed translucent door.
 12925 | Lair:1   | Noticed Bukhlaj's ghost (journeyman HOFi)
 13256 | Lair:1   | Identified the +1 ring mail of Snakes and Ladders {rElec
                  | Will+++ rCorr Int-5}
 13509 | Lair:2   | Noticed an alligator
 13513 | Lair:2   | Killed an alligator
 13514 | Lair:2   | Reached skill level 10 in Shields
 13514 | Lair:2   | Reached XP level 14. HP: 82/103 MP: 0/0
 14218 | Lair:2   | Noticed a dire elephant
 14227 | Lair:2   | Killed a dire elephant
 14323 | Lair:3   | Reached skill level 11 in Shields
 14504 | Lair:3   | Noticed Gastronok
 14514 | Lair:3   | Killed Gastronok
 14542 | Lair:3   | Found a hole to the Spider Nest.
 14989 | Lair:3   | Found a staircase to the Shoals.
 15168 | Lair:3   | Reached skill level 12 in Shields
 15178 | Lair:3   | Reached ****** piety under Makhleb
 15311 | Lair:3   | Identified a scroll of acquirement
 15312 | Lair:3   | Acquired 406 gold pieces
 15500 | Lair:4   | HP: 2/103 [four-headed hydra (11)]
 15502 | Lair:4   | Slain by a four-headed hydra

Illustrated notes

Levels and vault maps discovered:
D:1:      wander_arrival_desolate, layout_basic,
          hellmonk_ecumenical_altar_defaced_shrine, minmay_misc_feat_rows
D:2:      layout_basic
D:3:      minmay_inner_zag, layout_basic
D:4:      layout_basic
D:5:      layout_cave_pools, fedhas_altar_4, minmay_temple_entry_mist,
          serial_bayou, serial_bayou_pond_b, serial_bayou_crossing,
          serial_bayou_pond_a, serial_bayou_pond_c, minmay_quadrilaterals
D:6:      old_forge, layout_rooms, minmay_misc_feat_roman, uniq_pikel,
          uniq_menkaure
D:7:      layout_cave_pools, mainiacjoe_overflow_alcove_1,
          mainiacjoe_overflow_tiny_flanked
D:8:      layout_layer_cave, minitemple
D:9:      nzn_winding_woodlands_stair_cross [nzn_winding_woodlands_5x15_zeroes,
          nzn_winding_woodlands_center_garden,
          nzn_winding_woodlands_5x15_lazy_stream,
          nzn_winding_woodlands_5x5_perimeter,
          nzn_winding_woodlands_5x5_checkerboard,
          nzn_winding_woodlands_5x15_split_checker,
          nzn_winding_woodlands_center_pierced_h,
          nzn_winding_woodlands_5x15_pockets], layout_rooms, zombieorc2_lemuel
D:10:     layout_basic, mainiacjoe_overflow_concentric_impassable,
          david_lair_shrubbed, serial_shops, nicolae_shop_waterfront
D:11:     layout_loops_corners
D:12:     layout_gridville, roadster_trireme
Temple:   hellmonk_temple_of_storms
Lair:1:   gammafunk_worm_tunnel, layout_regular_city, ebering_ghost_inner_flame,
          grunt_megastairs_2
Lair:2:   layout_roguey, nicolae_lair_lakeside_cave
Lair:3:   layout_roguey, mainiacjoe_shoals_entry_four_pools,
          nicolae_spider_entry_non_spiders, grunt_megastairs_1,
          serial_bayou_shore_a, infiniplex_staircase_pool_2, uniq_gastronok
Lair:4:   layout_loops_ring, minmay_slime_entry_pillars

Skill      XL: |  1  2  3  4  5  6  7  8  9 10 11 12 13 14 |
---------------+-------------------------------------------+-----
Fighting       | 1 2 3 4 5 6 8 10 | 10.0
Spellcasting   | 4 5 7 8 9 10 11 | 11.1
Conjurations   | 4 5 7 8 9 10 11 | 11.1
Hexes          | 4 5 7 8 9 10 11 | 11.1
Summonings     | 4 5 7 8 9 10 11 | 11.1
Necromancy     | 4 5 7 8 9 10 11 | 11.1
Translocations | 4 5 7 8 9 10 11 | 11.1
Fire Magic     | 4 5 7 8 9 10 11 | 11.1
Ice Magic      | 4 5 7 8 9 10 11 | 11.1
Air Magic      | 4 5 7 8 9 10 11 | 11.1
Earth Magic    | 4 5 7 8 9 10 11 | 11.1
Alchemy        | 4 5 7 8 9 10 11 | 11.1
Invocations    | 5 8 10 | 10.0
Evocations     | 5 8 10 | 10.0
Shields        | 3 10 12 | 12.3
Dodging        | |  2.1
Stealth        | |  1.5

Action                     |  1- 3 |  4- 6 |  7- 9 | 10-12 | 13-15 || total
---------------------------+-------+-------+-------+-------+-------++-------
  Melee: Staff             |       |       |       |    20 |     2 ||    22
  Throw: Dart              |       |       |       |     2 |     2 ||     4
         Throwing net      |       |       |       |       |     2 ||     2
   Cast: Sandblast         |    49 |    28 |       |       |       ||    77
         Stone Arrow       |       |    37 |   113 |   342 |   366 ||   858
         Brom's Barrelling |       |       |       |       |     1 ||     1
  Evoke: Lightning rod     |       |       |       |     3 |    10 ||    13
         Wand              |       |       |       |     3 |     2 ||     5
    Use: Scroll            |       |       |     1 |    18 |    11 ||    30
         Potion            |       |       |       |     1 |     4 ||     5
 Armour: Robe              |     6 |    11 |    20 |    85 |       ||   122
         Troll leather arm |       |       |       |   117 |   251 ||   368
  Dodge: Dodged            |    11 |     8 |    17 |    75 |   103 ||   214
